 Dungeon Crawl Stone Soup version 0.31-a0-700-gf13585253f (webtiles) character file.

Game seed: 6542634147663294342

53 qw the Shooter (level 3, -1/23 HPs)
             Began as a Gargoyle Hunter on Sept 7, 2023.
             Slain by Sigmund
             ... wielding a +0 scythe
              (3 damage)
             ... on level 2 of the Dungeon.
             The game lasted 00:00:22 (1071 turns).

qw the Shooter (Gargoyle Hunter)                    Turns: 1071, Time: 00:00:23

Health: -1/23      AC:  7    Str: 14    XL:     3   Next: 87%
Magic:  3/3        EV: 11    Int:  9    God:
Gold:   48         SH:  0    Dex: 15    Spells: 2/2 levels left

rFire   . . .        Y - +0 shortbow
rCold   . . .        (shield currently unavailable)
rNeg    + . .        c - +0 leather armour
rPois   inf          f - +0 helmet
rElec   +            (no cloak)
rCorr   .            (no gloves)
SInv    .            (no boots)
Will    .....        (no amulet)
Stlth   ++           (no ring)
HPRegen 0.23/turn    (no ring)
MPRegen 0.08/turn

%: no passive effects
@: no status effects
A: sickness immunity, AC +3, negative energy resistance 1, electricity
resistance, torment resistance 1, petrification resistance
a: no special abilities


You were on level 2 of the Dungeon.
You visited 1 branch of the dungeon, and saw 2 of its levels.

You collected 48 gold pieces.


Innate Abilities, Weirdness & Mutations

You are immune to sickness and miasma.
Your stone body is resilient. (AC +3)
You are immune to poison.
You resist negative energy. (rN+)
You are resistant to electric shocks. (rElec)
You are resistant to unholy torment.
You are immune to petrification.


   Skills:
 - Level 3.0 Fighting
 + Level 5.0 Ranged Weapons
 - Level 1.5 Dodging
 - Level 1.1 Stealth


You had 2 spell levels left.
You didn't know any spells.
Your spell library was empty.

Inventory:

Hand Weapons
 Y - a +0 shortbow (weapon)
Armour
 c - a +0 leather armour (worn)
 f - a +0 helmet (worn)
Jewellery
 a - a ring of fire
Scrolls
 g - 2 scrolls of fog {unknown}
Potions
 b - a potion of mutation {unknown}
 d - a potion of haste {unknown}
 e - a potion of curing {unknown}

Dungeon Overview and Level Annotations

Branches:
Dungeon (2/15)

Altars:
Ashenzari

Annotations:
D:2 Sigmund


Message History

The arrow hits the giant cockroach but does no damage.
You shoot an arrow.
The arrow barely misses the giant cockroach.
You shoot an arrow. The arrow hits the giant cockroach!
You kill the giant cockroach!
You see here a giant cockroach corpse.
g - 2 scrolls labelled ARUEH ZIODERU (gained 1) Sigmund and a goblin come into view.
Sigmund is wielding a +0 scythe and carrying a wand of flame.
Sigmund shouts!
The goblin shouts!
You shoot an arrow.
The arrow hits the goblin but does no damage.
Sigmund casts a spell.
Sigmund flickers and vanishes!
Deactivating autopickup; reactivate with Ctrl-A.
You shoot an arrow.
The arrow hits the goblin but does no damage.
The goblin barely misses you.
You shoot an arrow. The arrow hits the goblin!
You kill the goblin!
You hear a zap.
A puff of flame appears from out of thin air!
The puff of flame misses you.
You shoot an arrow. Something hits you.
You shoot an arrow. You shoot an arrow. Something hits you.
You shoot an arrow.
A magic dart appears from out of thin air!
The magic dart hits you.
You shoot an arrow. Something hits you.
You shoot an arrow.
A bat comes into view.
A magic dart appears from out of thin air!
The magic dart hits you!
The bat moves out of view.
You shoot an arrow. Something hits you.
You die...

##... ###>## #
#.# . ... # . #.
# ##.. ......#
######. #.#
..###){..... #.#
#.#@# #.# #.##
#.# #.# #.# #.#
#######.### #.#
..........####.#
#######.#......#
#.######## #.#


There were no monsters in sight!

Vanquished Creatures
  An adder (D:2)
  A gnoll (D:1)
  A worm (D:2)
  3 endoplasms
  A giant cockroach (D:2)
  2 hobgoblins (D:1)
  3 kobolds (D:1)
  A quokka (D:2)
  3 ball pythons (D:1)
  2 bats (D:1)
  2 frilled lizards
  6 goblins
  5 rats
31 creatures vanquished.

Notes
Turn   | Place    | Note
-------+----------+-------------------------------------------
     0 | D:1      | qw the Gargoyle Hunter began the quest for the Orb.
     0 | D:1      | Reached XP level 1. HP: 12/12 MP: 1/1
     0 | D:1      | 0 ||| qw: Version: 0.3-a-76-g4403597
     0 | D:1      | 0 ||| qw: Game counter: 508
     0 | D:1      | 0 ||| qw: Melee chars always use a shield: true
     0 | D:1      | 0 ||| qw: God list: Okawaru
     0 | D:1      | 0 ||| qw: Allow faded altars: false
     0 | D:1      | 0 ||| qw: Do Orc after clearing Dungeon:15 true
     0 | D:1      | 0 ||| qw: Do second Lair branch before Depths: true
     0 | D:1      | 0 ||| qw: Lair rune preference: random
     0 | D:1      | 0 ||| qw: Goals: Normal
     0 | D:1      | 0 ||| PLANNING D:1-11
   108 | D:1      | You fall into a shaft and drop 1 floor!
   118 | D:2      | Found a broken altar of Ashenzari.
   141 | D:2      | 141 ||| READING scroll labelled ZIHUOG NUGG.
   142 | D:2      | 142 ||| DROPPING scroll of butterflies.
   173 | D:1      | Reached XP level 2. HP: 17/17 MP: 2/2
   389 | D:1      | Reached XP level 3. HP: 21/21 MP: 3/3
   412 | D:1      | Reached skill level 5 in Ranged Weapons
   415 | D:1      | Found a faded altar of an unknown god.
   758 | D:1      | 758 ||| UPGRADING to +0 helmet.
   763 | D:1      | 763 ||| DROPPING +6 ring of intelligence.
   867 | D:2      | Reached skill level 3 in Fighting
  1061 | D:2      | Noticed Sigmund
  1070 | D:2      | HP: 2/23 [something/magic dart (7)]
  1071 | D:2      | Slain by Sigmund

Levels and vault maps discovered:
D:1:      dpeg_arrival_signposts, layout_loops_ring, basic_ecumenical_altar
D:2:      layout_loops_ring, basic_altar, uniq_sigmund

Skill      XL: |  1  2  3 |
---------------+----------+-----
Ranged Weapons | 5 |  5.0
Fighting       | 3 |  3.0
Dodging        | |  1.5
Stealth        | |  1.1

Action                     || total
---------------------------++-------
   Fire: Shortbow          ||    93
    Use: Scroll            ||     1
 Armour: Leather armour    ||    25
  Dodge: Dodged            ||    17

Table legend:
 A = Non-vault XP
 B = Vault XP
 C = Vault XP percentage of total XP
 D = Non-vault monster count
 E = Vault monster count
 F = Vault count percentage of total count
                 A         B        C        D         E       F
            +---------+---------+-------+---------+---------+-------
      Total |      76 |       0 |   0.0 |      31 |       0 |   0.0
            +---------+---------+-------+---------+---------+-------
        D:1 |      45 |       0 |   0.0 |      22 |       0 |   0.0
        D:2 |      31 |       0 |   0.0 |       9 |       0 |   0.0
            +---------+---------+-------+---------+---------+-------
